Map: Oxide LE

Players

HeroMarine - Winner!

  • Race: Terran Terran
  • League: Grandmaster
  • Spawn Location: 7:00

SKillous

  • Race: Protoss Protoss
  • League: Grandmaster
  • Spawn Location: 1:00

Event: DreamHack SC2 Masters 2020 Winter

VOD

Have the link to the VOD?

Description

Time

  • Played on: Nov. 6, 2020, 10:10 a.m.
  • Length: 9:56

All games in this series

Show
View Real Time Build Order
Export as new Build Order

HeroMarine Terran - Winner!

Build Orders:  

Get SALT Encoding   

  12  0:00  SCV  
  13  0:12  SCV  
  14  0:16  Supply Depot  
  14  0:24  SCV  
  15  0:38  SCV  
  15  0:39  Barracks  
  16  0:43  Refinery  
  16  0:50  SCV  
  17  1:02  SCV  
  18  1:14  SCV  
  19  1:26  Marine  
  19  1:27  Orbital Command  
  20  1:39  Command Center  
  20  1:44  Barracks Reactor  
  20  1:50  Supply Depot  
  20  1:54  SCV  
  21  2:06  SCV  
  22  2:09  Factory  
  22  2:18  SCV  
  22  2:20  Marine x2  
  25  2:30  SCV  
  25  2:32  Refinery  
  26  2:38  Marine x2  
  26  2:43  SCV  
  29  2:51  Orbital Command  
  29  2:53  Hellion  
  29  2:55  SCV  
  29  2:58  Starport  
  32  3:01  Marine  
  32  3:02  Marine  
  34  3:07  SCV  
  35  3:15  Factory Tech Lab  
  35  3:17  SCV  
  35  3:19  SCV  
  37  3:20  Marine x2  
  39  3:27  Supply Depot  
  39  3:29  SCV  
  39  3:31  SCV  
  41  3:39  Medivac  
  46  3:43  Marine x2  
  46  3:46  SCV  
  46  3:47  SCV  
  45  3:48  Supply Depot  
  45  3:49  Cyclone  
  48  3:58  SCV  
  48  3:59  SCV  
  48  4:01  Marine x2  
  52  4:09  Viking  
  53  4:11  SCV x2  
  53  4:12  Supply Depot  
  55  4:19  Marine x2  
  55  4:21  Cyclone  
  55  4:23  SCV x2  
  61  4:35  SCV  
  62  4:38  Marine x2, SCV  
  62  4:39  Supply Depot  
  62  4:40  Viking  
  67  4:47  SCV  
  67  4:48  Command Center  
  67  4:50  SCV  
  69  4:56  Marine  
  69  4:58  Barracks  
  70  5:00  Marine, Cyclone  
  70  5:01  SCV  
  70  5:03  SCV  
  76  5:12  Barracks  
  76  5:13  SCV  
  76  5:14  Marine  
  77  5:18  SCV, Marine  
  78  5:25  SCV  
  75  5:30  SCV  
  75  5:32  Marine  
  75  5:33  Siege Tank  
  77  5:36  Marine  
  77  5:37  SCV  
  77  5:38  Supply Depot  
  77  5:42  SCV, Engineering Bay  
  73  5:47  Barracks Tech Lab  
  73  5:49  SCV, Marine  
  69  5:50  Barracks  
  69  5:54  Marine  
  70  6:01  Refinery x2  
  72  6:04  Orbital Command  
  72  6:07  Marine  
  72  6:08  Stimpack  
  72  6:09  SCV x2  
  72  6:10  Terran Infantry Weapons Level 1  
  73  6:11  Marine  
  73  6:12  Marine  
  72  6:21  SCV x2  
  72  6:22  Marine  
  72  6:25  Marine  
  76  6:26  Factory Reactor  
  76  6:27  Starport Reactor  
  76  6:28  Barracks  
  76  6:29  Marine x2  
  78  6:33  SCV x2  
  78  6:35  Supply Depot x2  
  78  6:38  Combat Shield  
  80  6:41  Barracks Reactor  
  80  6:42  Marauder  
  80  6:43  Marine  
  80  6:45  SCV x2  
  80  6:47  Missile Turret, Marine  
  85  6:48  Marauder  
  85  6:50  Missile Turret  
  85  6:51  Orbital Command  
  87  6:57  SCV x2  
  89  7:03  Supply Depot  
  89  7:04  Marauder, Supply Depot  
  89  7:05  Widow Mine x2  
  95  7:09  Marauder, SCV  
  95  7:10  SCV  
  95  7:15  Barracks Tech Lab  
  99  7:17  SCV  
  99  7:21  SCV  
  99  7:22  SCV  
  101  7:25  Missile Turret, Marauder  
  101  7:29  SCV  
  104  7:30  Medivac, Marauder  
  104  7:31  Armory, Medivac  
  104  7:32  Engineering Bay  
  104  7:33  SCV  
  104  7:34  SCV  
  112  7:37  Marauder  
  112  7:40  Widow Mine  
  112  7:41  Widow Mine, SCV  
  119  7:45  Refinery  
  119  7:46  Marine x2, Refinery, SCV  
  119  7:47  Marine  
  119  7:49  Marine  
  119  7:50  SCV  
  125  7:53  SCV  
  125  7:56  Marauder x2  
  130  7:59  Concussive Shells  
  130  8:00  Marine  
  130  8:03  Marine  
  133  8:09  Supply Depot x2  
  131  8:15  Widow Mine  
  131  8:17  Widow Mine  
  131  8:18  Marauder  
  133  8:20  Marauder  
  133  8:21  Marauder  
  133  8:24  Marine x2, SCV x3  
  129  8:27  Marine x2  
  129  8:33  Medivac x2  
  135  8:36  SCV x2  
  135  8:37  SCV  
  135  8:39  Marauder  
  140  8:41  Marine, Marauder  
  140  8:42  Marine  
  140  8:43  Marauder  
  140  8:45  Marine  
  147  8:48  SCV  
  147  8:49  SCV  
  147  8:55  Widow Mine x2, Marine  
  154  8:58  Supply Depot  
  154  8:59  Marine x2  
  156  9:03  Ghost Academy  
  156  9:04  Marine, Marauder  
  157  9:26  Marine x5  
  157  9:27  Marauder x2  
  165  9:41  Supply Depot x2  
Show
View Real Time Build Order
Export as new Build Order

SKillous Protoss 

Build Orders: 1 Gate Expand, Phoenix Opening, Zealot Archon 

Get SALT Encoding   

  12  0:00  Probe  
  13  0:12  Probe  
  14  0:17  Pylon  
  14  0:24  Probe  
  15  0:35  Gateway  
  15  0:38  Probe (Chrono Boost)  
  16  0:48  Assimilator, Probe (Chrono Boost)  
  17  0:53  Probe (Chrono Boost)  
  18  1:05  Probe  
  19  1:17  Probe  
  20  1:22  Nexus  
  20  1:32  Cybernetics Core  
  20  1:36  Probe  
  21  1:41  Assimilator  
  21  1:48  Probe  
  21  1:50  Pylon  
  22  2:00  Probe  
  23  2:06  Adept (Chrono Boost)  
  23  2:12  Probe  
  26  2:17  Stargate  
  26  2:24  Probe (Chrono Boost)  
  26  2:27  Warp Gate  
  27  2:36  Probe x2 (Chrono Boost)  
  29  2:37  Stalker  
  33  2:44  Probe x2 (Chrono Boost)  
  33  2:49  Probe (Chrono Boost)  
  33  2:51  Probe  
  35  3:01  Phoenix (Chrono Boost), Probe  
  35  3:03  Probe  
  35  3:05  Pylon  
  39  3:13  Probe  
  39  3:15  Probe  
  41  3:22  Phoenix (Chrono Boost)  
  41  3:25  Probe  
  44  3:27  Probe  
  44  3:30  Gateway  
  44  3:32  Gateway  
  45  3:37  Probe  
  45  3:41  Phoenix (Chrono Boost)  
  46  3:44  Probe  
  49  3:49  Probe  
  49  3:55  Nexus  
  50  3:57  Probe  
  50  4:00  Phoenix  
  53  4:05  Pylon  
  53  4:07  Probe  
  54  4:15  Twilight Council  
  54  4:24  Probe x2  
  56  4:25  Phoenix  
  56  4:28  Shield Battery  
  56  4:31  Shield Battery  
  58  4:36  Stalker  
  58  4:38  Pylon, Probe  
  61  4:40  Probe  
  62  4:48  Charge (Chrono Boost)  
  62  4:50  Pylon  
  62  4:53  Shield Battery  
  62  4:55  Shield Battery  
  62  4:57  Probe  
  63  5:01  Zealot x3  
  69  5:12  Phoenix  
  69  5:14  Probe x2  
  73  5:20  Probe  
  74  5:23  Stalker  
  74  5:24  Zealot  
  74  5:25  Zealot  
  76  5:29  Probe  
  71  5:39  Probe x2  
  71  5:47  Phoenix (Chrono Boost)  
  71  5:48  Probe  
  71  5:49  Zealot x3  
  78  5:51  Probe x2  
  78  5:52  Assimilator  
  78  5:53  Assimilator, Pylon  
  78  5:56  Pylon  
  78  6:02  Gateway  
  78  6:05  Gateway, Probe  
  78  6:06  Phoenix (Chrono Boost), Gateway, Probe  
  78  6:09  Probe  
  83  6:17  Probe  
  84  6:20  Probe (Chrono Boost)  
  84  6:21  Probe (Chrono Boost)  
  84  6:23  Assimilator x2  
  86  6:26  Forge  
  86  6:27  Sentry  
  86  6:28  Forge  
  90  6:33  Probe (Chrono Boost)  
  90  6:35  Probe (Chrono Boost)  
  90  6:38  Phoenix, Probe (Chrono Boost)  
  93  6:41  Zealot, Probe (Chrono Boost)  
  93  6:42  Zealot  
  93  6:43  Probe (Chrono Boost)  
  99  6:48  Pylon  
  99  6:53  Pylon  
  99  6:57  Zealot x2  
  99  7:01  Pylon, Gateway x2, Protoss Ground Weapons Level 1 (Chrono Boost)  
  103  7:03  Probe, Templar Archives  
  103  7:06  Zealot x2  
  108  7:10  Protoss Ground Armor Level 1 (Chrono Boost)  
  108  7:16  Sentry  
  108  7:17  Zealot  
  108  7:22  Probe  
  113  7:26  Zealot x4  
  113  7:28  Pylon  
  113  7:29  Pylon  
  121  7:34  Robotics Facility  
  121  7:39  Pylon  
  121  7:40  High Templar x2  
  125  7:45  Pylon  
  125  7:47  Zealot x4  
  133  7:53  Pylon  
  133  7:54  Archon  
  131  7:59  Zealot x2  
  131  8:03  Nexus  
  131  8:04  Pylon  
  105  8:31  Zealot x8  
  113  8:35  Probe x3  
  113  8:39  Robotics Bay  
  113  8:40  Robotics Facility, Observer  
  117  8:47  Probe x3  
  118  8:55  Zealot x8  
  124  8:58  Pylon  
  124  8:59  Probe  
  133  9:16  High Templar x4  
  141  9:17  Zealot, Sentry x2  
  141  9:18  Zealot  
  141  9:20  Archon x2  
  100  9:43  Zealot x3  
  109  9:46  Gateway  
  109  9:48  Gateway, Pylon  
Tags
 
Add a new tag
Caveats
  • Supply blocks, unpowered buildings, or Contaminate may cause inaccurate times.
  • Supply counts are checked every 10 seconds.